 Dungeon Crawl Stone Soup version 0.31.0-12-g77e489cdc1 (webtiles) character file.

Game seed: 2393243855472581857

4609 jimonade the Covert (level 10, -6/69 HPs)
             Began as an Octopode Brigand on Mar 3, 2024.
             Was a Follower of Uskayaw.
             Killed from afar by an orc (10 damage)
             ... with a puff of flame
             ... on level 8 of the Dungeon.
             The game lasted 00:15:57 (5526 turns).

jimonade the Covert (Octopode Brigand)              Turns: 5526, Time: 00:15:57

Health: -6/69      AC:  5    Str: 12    XL:     10   Next: 42%
Magic:  10/10      EV: 16    Int: 13    God:    Uskayaw [*.....]
Gold:   228        SH:  0    Dex: 17    Spells: 9/9 levels left

rFire   . . .        a - +1 dagger (elec)
rCold   . . .        (no shield)
rNeg    . . .        (helmet restricted)
rPois   .            g - amulet of regeneration
rElec   .            r - +4 ring of protection
rCorr   +            A - ring of resist corrosion
SInv    +            H - ring of see invisible
Will    .....        (no ring)
Stlth   +++          (no ring)
HPRegen 1.11/turn    (no ring)
MPRegen 0.12/turn    (no ring)
                     (no ring)

%: no passive effects
@: confused
A: almost no armour, amphibious, 8 rings, camouflage 1, gelatinous body 1,
(nimble swimmer 1), tentacles
a: Renounce Religion, Stomp


You were on level 8 of the Dungeon.
You worshipped Uskayaw.
Uskayaw was noncommittal.
You visited 2 branches of the dungeon, and saw 9 of its levels.

You collected 351 gold pieces.
You spent 123 gold pieces at shops.

Inventory:

Hand Weapons
 a - a +1 dagger of electrocution (weapon)
 t - a +2 dagger
 y - a +1 orcbow of freezing
 G - a +0 dagger of speed
 K - a +1 great sword
Missiles
 b - 30 poisoned darts (quivered)
 c - 4 curare-tipped darts
Armour
 n - a +0 tower shield
Magical Staves
 z - a staff of alchemy
Jewellery
 g - an amulet of regeneration (around mantle)
 r - a +4 ring of protection (left tentacle)
 A - a ring of resist corrosion (right tentacle)
 H - a ring of see invisible (on tentacle)
Talismans
 d - a maw talisman
Wands
 k - a wand of flame (4)
 B - a wand of mindburst (3)
 F - a wand of acid (7)
Scrolls
 e - 5 scrolls of teleportation
 h - 6 scrolls of amnesia
 i - 2 scrolls of fear
 u - 2 scrolls of noise
 v - a scroll of fog
 C - a scroll of poison
 D - 3 scrolls of enchant weapon
 I - a scroll of immolation {unknown}
 J - a scroll of acquirement {unknown}
Potions
 f - 3 potions of heal wounds
 j - 4 potions of curing
 l - 2 potions of might
 m - a potion of invisibility {unknown}
 o - 2 potions of berserk rage {unknown}
 p - 2 potions of mutation {unknown}
 q - 2 potions of haste {unknown}
 s - 3 potions of enlightenment {unknown}
 w - a potion of cancellation {unknown}
 x - 3 potions of brilliance
 E - a potion of lignification {unknown}


   Skills:
 + Level 6.3 Fighting
 + Level 9.0 Short Blades
 - Level 2.0 Throwing
 + Level 6.0 Dodging
 + Level 13.3 Stealth


You had 9 spell levels left.
You didn't know any spells.
Your spell library contained the following spells:

 Spells                   Type           Power      Damage    Failure   Level
 Apportation              Tloc           0%         N/A       30%         1
 Kiss of Death            Conj/Necr      0%         2d5       30%         1
 Sandblast                Erth           0%         2d4       30%         1
 Jinxbite                 Hex            0%         N/A       43%         2
 Confusing Touch          Hex            0%         N/A       67%         3
 Passwall                 Erth           0%         N/A       67%         3
 Stone Arrow              Conj/Erth      0%         3d7       67%         3
 Brom's Barrelling Bould  Conj/Erth      0%         2d3       97%         4
 Dispel Undead            Necr           0%         3d6       97%         4
 Alistair's Intoxication  Alch           0%         N/A       100%        5


Dungeon Overview and Level Annotations

Branches:
Dungeon (8/15) Zot: 26621  Temple (1/1) D:6 Zot: 5971    Lair (0/5) D:8

Altars:
Ashenzari
Cheibriados
Dithmenos
Elyvilon
Fedhas
Gozag
Hepliaklqana
Makhleb
Nemelex Xobeh
Okawaru
Qazlal
Ru
Sif Muna
Trog
Uskayaw
Vehumet
Wu Jian
Xom
Yredelemnul
Zin

Shops:
D:2 !   D:4 !*!?(

Annotations:
D:8 3 runed translucent doors


Innate Abilities, Weirdness & Mutations

You cannot wear most types of armour.
You are amphibious.
You can wear up to eight rings at the same time.
Your skin changes colour to match your surroundings (Stealth+).
Your rubbery body absorbs attacks. (AC +1, EV +1)
((You are camouflaged when in or above water. (Stealth+)))
You have tentacles for arms and can constrict up to eight enemies at once.


Message History

You now have 228 gold pieces (gained 15).
An orc warrior, an orc wizard and an orc come into view.
The orc is wielding a +0 club and carrying a wand of flame.
Found a stone staircase leading down.
An orc wizard comes into view. It is wielding a +0 dagger.
The orc wizard shouts!
The orc warrior shouts!
The orc shouts!
The orc wizard shouts!
The orc wizard completely misses you. The orc wizard misses you.
You hit the orc wizard. You grab the orc wizard.
The orc wizard is lightly wounded.
You constrict the orc wizard.
The orc wizard hits you but does no damage. x2
You barely miss the orc wizard.
The orc wizard is lightly wounded.
You constrict the orc wizard. You hit the orc wizard.
You tentacle-slap the orc wizard, but do no damage.
You squeeze the orc wizard.
The orc wizard is heavily wounded.
You constrict the orc wizard.
The orc wizard hits you but does no damage.
The orc wizard barely misses you.
You completely miss the orc wizard. You squeeze the orc wizard.
The orc wizard is severely wounded.
You constrict the orc wizard. You hit the orc wizard.
The orc wizard is almost dead.
You constrict the orc wizard.
The orc wizard gestures at you while chanting.
You are confused.
The orc wizard closely misses you.
You are too confused!
You are too confused!
You hit the orc wizard but do no damage.
You constrict the orc wizard.
You bump into the rock wall.
You constrict the orc wizard.
You kill the orc wizard!
The orc wizard hits you but does no damage.
You bump into the rock wall.
The orc wizard points at you and mumbles some strange words.
You are more confused.
The orc warrior hits you with a +0 dire flail!
You bump into the rock wall.
The orc wizard hits you but does no damage.
The orc warrior hits you with a +0 dire flail!
You bump into the rock wall.
The orc wizard hits you but does no damage.
The orc warrior hits you with a +0 dire flail!
You hit the orc warrior but do no damage.
You squeeze the orc warrior, but do no damage.
The orc wizard closely misses you.
The orc warrior hits you with a +0 dire flail.
You bump into the rock wall.
The orc wizard points at you and mumbles some strange words.
You are more confused.
The orc warrior hits you with a +0 dire flail.
You closely miss the orc warrior.
You bump into the rock wall.
The orc warrior barely misses you.
The orc wizard hits you but does no damage.
You bump into the rock wall.
The orc warrior hits you with a +0 dire flail.
The orc wizard closely misses you.
You hit the orc warrior but do no damage.
The orc wizard hits you but does no damage.
The orc warrior hits you with a +0 dire flail!
You hit the orc warrior but do no damage.
You squeeze the orc warrior.
The orc warrior is lightly wounded.
You're too confused to move!
The orc warrior closely misses you. The orc wizard misses you.
You completely miss the orc wizard. Your squeeze misses the orc wizard.
The orc wizard hits you with a +0 dagger.
The orc warrior hits you with a +0 dire flail!
* * * LOW HITPOINT WARNING * * *
You bump into the rock wall.
The orc warrior barely misses you. The orc wizard closely misses you.
You hit the orc wizard but do no damage.
Lightning courses through the orc wizard!
The orc wizard is almost dead.
You bump into the rock wall.
The orc wizard completely misses you.
The orc warrior hits you with a +0 dire flail!
* * * LOW HITPOINT WARNING * * *
You bump into the rock wall.
The orc wizard hits you with a +0 dagger.
* * * LOW HITPOINT WARNING * * *
The orc warrior hits you with a +0 dire flail!
* * * LOW HITPOINT WARNING * * *
You bump into the rock wall.
The orc wizard barely misses you.
The orc warrior hits you with a +0 dire flail.
* * * LOW HITPOINT WARNING * * *
You hit the orc wizard but do no damage.
Lightning courses through the orc wizard!
You kill the orc wizard!
The orc warrior closely misses you.
Your life force feels restored.
You bump into the rock wall.
The orc misses you. The orc warrior barely misses you.
You bump into the rock wall.
The orc warrior misses you.
The orc zaps a wand.
The puff of flame hits you!
You die...

#))).......
#..........##.######
#..#######.##.#
##...## #.##.#
#.....# #.##.#
#.....# #.##.#
#..>.. ..##.# #.oo#
####..# #@# #>....##
#.# ##.....##
#.#####.......##
#...........)<.#
#######...[.)..#
##...).#.###
##........#
######.... ###.#


You could see an orc warrior and an orc.

Vanquished Creatures
  Joseph (D:7)
  Maggie (D:7)
  Prince Ribbit (D:6)
  A wyvern (D:8)
  Menkaure (D:6)
  Edmund (D:6)
  3 water moccasins
  2 ice beasts
  2 orc warriors
  A black bear (D:7)
  3 ogres
  A centaur (D:8)
  4 phantoms
  4 bullfrogs
  2 kobold brigands
  2 scorpions
  8 wights (D:8)
  3 howler monkeys
  5 orc priests
  3 bombardier beetles
  2 hounds
  3 jellies
  2 sleepcaps
  Terence (D:3)
  5 iguanas
  Natasha (thrice) (D:3)
  5 orc wizards
  8 adders
  4 gnolls (D:7)
  2 dart slugs
  25 orcs
  4 endoplasms
  3 giant cockroaches
  6 goblins
  4 hobgoblins
  8 jackals
  5 ball pythons
  2 bats (D:2)
  A frilled lizard (D:1)
  13 kobolds
  6 rats
161 creatures vanquished.

Vanquished Creatures (others)
  5 dream sheep (D:6)
5 creatures vanquished.

Grand Total: 166 creatures vanquished

Notes
Turn   | Place    | Note
-------+----------+-------------------------------------------
     0 | D:1      | jimonade the Octopode Brigand began the quest for the Orb.
     0 | D:1      | Reached XP level 1. HP: 14/14 MP: 1/1
    89 | D:1      | Reached XP level 2. HP: 19/19 MP: 2/2
   758 | D:2      | Found Hucso's Distillery.
   773 | D:2      | Bought a potion of curing for 42 gold pieces
   779 | D:2      | Reached skill level 6 in Stealth
   832 | D:2      | Reached XP level 3. HP: 7/24 MP: 3/3
   920 | D:2      | Found a faded altar of an unknown god.
  1499 | D:3      | Noticed Natasha
  1503 | D:3      | Reached XP level 4. HP: 29/29 MP: 4/4
  1513 | D:3      | Killed Natasha
  1635 | D:3      | Noticed Natasha
  1652 | D:3      | Killed Natasha
  1653 | D:3      | Reached skill level 7 in Stealth
  1680 | D:3      | Noticed Terence
  1685 | D:3      | Killed Terence
  1686 | D:3      | Reached XP level 5. HP: 34/34 MP: 5/5
  1703 | D:3      | Noticed Natasha
  1710 | D:3      | Killed Natasha
  1966 | D:4      | Found Labbalar's Distillery.
  2026 | D:4      | Reached XP level 6. HP: 34/39 MP: 6/6
  2088 | D:4      | Found a hazy altar of Hepliaklqana.
  2091 | D:4      | Found a shimmering blue altar of Sif Muna.
  2098 | D:4      | Found a snail-covered altar of Cheibriados.
  2104 | D:4      | Found Hifyoh's General Store.
  2122 | D:4      | Reached skill level 8 in Stealth
  2192 | D:4      | Bought a scroll of identify for 26 gold pieces
  2232 | D:4      | Found Posiw's Distillery.
  2268 | D:4      | Found Udwekur's Magic Scroll Emporium.
  2284 | D:4      | Bought a scroll of teleportation for 33 gold pieces
  2284 | D:4      | Bought a scroll of identify for 22 gold pieces
  2476 | D:4      | Reached skill level 5 in Short Blades
  2652 | D:4      | Found Xublam's Antique Weapon Shop.
  2861 | D:5      | Entered Level 5 of the Dungeon
  2870 | D:5      | Reached XP level 7. HP: 45/45 MP: 7/7
  2888 | D:5      | Reached skill level 9 in Stealth
  2940 | D:5      | Found a sparkling altar of Nemelex Xobeh.
  3257 | D:5      | Reached skill level 10 in Stealth
  3374 | D:5      | Reached XP level 8. HP: 48/50 MP: 8/8
  3697 | D:6      | Found a staircase to the Ecumenical Temple.
  3709 | Temple   | Entered the Ecumenical Temple
  3723 | Temple   | Became a worshipper of Uskayaw the Reveller
  3745 | D:6      | Reached * piety under Uskayaw
  3847 | D:6      | Noticed Prince Ribbit
  3853 | D:6      | Killed Prince Ribbit
  3853 | D:6      | Reached ** piety under Uskayaw
  3854 | D:6      | Reached skill level 11 in Stealth
  3929 | D:6      | Noticed Menkaure
  3939 | D:6      | Killed Menkaure
  3945 | D:6      | Reached *** piety under Uskayaw
  3946 | D:6      | Reached **** piety under Uskayaw
  4097 | D:6      | Found a glowing silver altar of Zin.
  4125 | D:6      | Noticed Edmund
  4129 | D:6      | Reached XP level 9. HP: 58/58 MP: 9/9
  4145 | D:6      | Killed Edmund
  4212 | D:6      | Found a shimmering altar of Xom.
  4489 | D:7      | Reached skill level 12 in Stealth
  4597 | D:7      | Reached skill level 5 in Fighting
  4748 | D:7      | Noticed Joseph
  4751 | D:7      | Killed Joseph
  4788 | D:7      | Reached skill level 5 in Dodging
  4842 | D:7      | Noticed Maggie
  4847 | D:7      | Killed Maggie
  4848 | D:7      | Reached XP level 10. HP: 67/67 MP: 10/10
  5222 | D:8      | Found a runed translucent gate.
  5222 | D:8      | Found a runed translucent gate.
  5223 | D:8      | Found a runed translucent gate.
  5230 | D:8      | Reached skill level 13 in Stealth
  5246 | D:8      | Found an opulent altar of Gozag.
  5443 | D:8      | Found a staircase to the Lair.
  5472 | D:8      | Reached ***** piety under Uskayaw
  5522 | D:8      | HP: 2/68 [orc warrior/+0 dire flail (16)]
  5526 | D:8      | Killed from afar by an orc

Illustrated notes

Levels and vault maps discovered:
D:1:      dpeg_arrival_connections, layout_loops_ring
D:2:      layout_basic, serial_glass, glass_columns_b, glass_columns_a,
          serial_shops, shop, ebering_ecumenical_altar_rust, dk_noncrumbling_3
D:3:      layout_loops_ring, minivault_24, chequers_serial_rivers_large_a,
          hangedman_decor_growths, uniq_terence, uniq_natasha
D:4:      layout_basic, grunt_temple_overflow_open, serial_shops, shop, shop,
          nicolae_stop_n_shop_1, nicolae_shop_hallway_plus,
          nicolae_shop_pleasant_corner_grove
D:5:      layout_loops_cross, lemuel_crystal_altar
D:6:      layout_rooms, kennysheep_little_box, kb_xom_exploding_sheep,
          temple_pool_b, kennysheep_generic_room_8, uniq_prince_ribbit1,
          uniq_edmund, uniq_menkaure
D:7:      minmay_angry_zag, layout_loops_ring, amcnicky_mini_corridor_feature,
          uniq_maggie, uniq_joseph
D:8:      layout_loops_ring, marbit_many_paths,
          mainiacjoe_overflow_tiny_flanked, lair_entry_dummy, serial_shops,
          nicolae_shop_hallway_plus, biasface_ghost_orc_armoury
Temple:   nicolae_temple_bog_church

Skill      XL: |  1  2  3  4  5  6  7  8  9 10 |
---------------+-------------------------------+-----
Stealth        | 6 7 8 10 11 12 13 | 13.3
Short Blades   | 3 4 5 6 7 8 9 |  9.0
Dodging        | 3 5 6 |  6.0
Fighting       | 3 5 6 |  6.3
Throwing       | |  2.0

Action                     |  1- 3 |  4- 6 |  7- 9 | 10-12 || total
---------------------------+-------+-------+-------+-------++-------
  Melee: Dagger            |    76 |    68 |   170 |    70 ||   384
         Constrict         |    19 |    12 |    28 |    13 ||    72
         Tentacles         |    10 |     9 |    40 |    18 ||    77
         Punch             |     2 |       |       |     2 ||     4
    Use: Scroll            |       |     6 |       |     3 ||     9
   Stab: Sleeping          |    14 |    12 |    18 |     7 ||    51
         Distracted        |       |     2 |       |       ||     2
         Paralysed         |       |       |     4 |     2 ||     6
 Armour: Skin              |    36 |    27 |    72 |    39 ||   174
  Dodge: Dodged            |    32 |    19 |    58 |    38 ||   147
